 Dungeon Crawl Stone Soup version 0.25-a0-86-ga6f17ae7d4 (webtiles) character file.

Game seed: 1716438094168566181, levelgen mode: deterministic

196 D1HalberdGnoll the Poker (level 5, -2/41 HPs)
             Began as a Merfolk Skald on Nov 9, 2019.
             Was an Initiate of Fedhas.
             Slain by Dowan
             ... wielding a +1 dagger of holy wrath
              (6 damage)
             ... on level 4 of the Dungeon.
             The game lasted 00:04:55 (3532 turns).

D1HalberdGnoll the Poker (Merfolk Skald)            Turns: 3532, Time: 00:04:55

Health: -2/41      AC:  4    Str: 13    XL:     5   Next: 75%
Magic:  6/8        EV: 13    Int: 12    God:    Fedhas [......]
Gold:   190        SH:  0    Dex: 13    Spells: 7/8 levels left

rFire    . . .     SeeInvis .   k - +1 short sword (venom)
rCold    . . .     Gourm    .   (no shield)
rNeg     . . .     Faith    .   b - +0 leather armour
rPois    .         Spirit   .   h - +0 helmet
rElec    .         Reflect  .   (no cloak)
rCorr    .         Harm     .   (no gloves)
MR       .....                  (no boots)
Stlth    +.........             (no amulet)
HPRegen  0.13/turn              (no ring)
MPRegen  0.11/turn              (no ring)

@: about to teleport, infused, glowing
A: change form in water, swift swim, stealthy swim
a: Renounce Religion


You were on level 4 of the Dungeon.
You worshipped Fedhas.
Fedhas was noncommittal.
You were hungry.

You visited 1 branch of the dungeon, and saw 4 of its levels.

You collected 190 gold pieces.

Inventory:

Hand Weapons
 a - a +0 spear
 k - a +1 short sword of venom (weapon)
Armour
 b - a +0 leather armour (worn)
 h - a +0 helmet (worn)
 p - a +1 ring mail of cold resistance
Jewellery
 r - an uncursed ring of ice {unknown}
Wands
 t - a wand of random effects (16)
Scrolls
 c - a scroll of teleportation
 i - 5 scrolls of identify {unknown}
 o - 3 scrolls of remove curse
 q - a scroll of fog {unknown}
 u - a scroll of immolation {unknown}
 v - a scroll of blinking {unknown}
Potions
 e - a potion of lignification
 f - a potion of invisibility {unknown}
 g - a potion of brilliance {unknown}
 j - 2 potions of curing
 l - 2 potions of cancellation {unknown}
 m - a potion of agility {unknown}
 n - a potion of heal wounds {unknown}
 s - a potion of ambrosia {unknown}
Comestibles
 d - 9 rations


   Skills:
 + Level 3.5 Fighting
 * Level 6.4 Polearms
 - Level 0.6 Armour
 + Level 4.3 Dodging
 - Level 2.0 Spellcasting
 - Level 3.2 Charms


You had 7 spell levels left.
You knew the following spells:

 Your Spells              Type           Power        Failure   Level  Hunger
a - Infusion              Chrm           #...         9%          1    ##.....

Your spell library contained the following spells:

 Spells                   Type           Power        Failure   Level  Hunger
 Song of Slaying          Chrm           #.......     14%         2    ###....
 Shroud of Golubria       Chrm/Tloc      #.....       26%         2    ###....
 Regeneration             Chrm/Necr      #.........   47%         3    ####...
 Spectral Weapon          Hex/Chrm       #.......     47%         3    ####...


Dungeon Overview and Level Annotations

Branches:
Dungeon (4/15)
 Temple: D:4-7

Altars:
Fedhas
Makhleb
Trog
Xom
The Shining One

Annotations:
D:4 Dowan, Duvessa


Message History

Duvessa hits you with a +0 short sword. x2
* * * LOW HITPOINT WARNING * * *
Duvessa completely misses you. Dowan hits you but does no damage.
Duvessa hits you with a +0 short sword.
* * * LOW HITPOINT WARNING * * *
You closely miss Dowan.
Duvessa says, "My weaknesses are his strengths!"
Duvessa hits you with a +0 short sword!
* * * LOW HITPOINT WARNING * * *
Dowan hits you but does no damage.
You feel better. Duvessa hits you with a +0 short sword.
* * * LOW HITPOINT WARNING * * *
Dowan hits you but does no damage. Duvessa hits you with a +0 short sword!
* * * LOW HITPOINT WARNING * * *
As you read the scroll of teleportation, it crumbles to dust.
You feel strangely unstable. Duvessa misses you.
Dowan hits you but does no damage.
Dowan hits you with a +1 dagger of holy wrath.
You die...
Fedhas appreciates your contribution to the ecosystem.

#.....# ## ###.....###+##
#.##.#.......#...##
+%...#.......#.....
#....#.......#..... #...
#.......'.....
#..###.......#+##.#
......####..#.#.'##......#..
......#....@......+......'..
.....#....ee.....#......#..
....####)).#..###......###
#...>#...##..# ###.......
#....#.......# #.......
#....#.......# #.......
#....#.......# #.......
#..o.........# +.......
#######..##''#######
#.......


You could see Duvessa and Dowan.

Vanquished Creatures
  An orc priest (D:3)
  Robin (D:3)
  2 adders
  3 worms
  4 dart slugs
  2 leopard geckos
  6 orcs
  A ball python (D:1)
  4 giant cockroaches
  16 goblins
  16 hobgoblins
  12 jackals
  A quokka (D:3)
  8 bats
  4 frilled lizards
  12 kobolds
  9 rats
102 creatures vanquished.

Notes
Turn   | Place    | Note
-------+----------+-------------------------------------------
     0 | D:1      | D1HalberdGnoll the Merfolk Skald began the quest for the
                  | Orb.
     0 | D:1      | Reached XP level 1. HP: 16/16 MP: 3/3
   109 | D:1      | Reached XP level 2. HP: 10/23 MP: 5/5
   420 | D:1      | Reached skill level 4 in Polearms
   725 | D:1      | Reached XP level 3. HP: 28/28 MP: 6/6
  1759 | D:2      | Reached XP level 4. HP: 34/34 MP: 7/7
  1788 | D:2      | Reached skill level 5 in Polearms
  1831 | D:2      | Found a shimmering altar of Xom.
  1831 | D:2      | Found a burning altar of Makhleb.
  2040 | D:2      | Found a bloodstained altar of Trog.
  2144 | D:2      | Found a glowing golden altar of the Shining One.
  2146 | D:2      | Found a blossoming altar of Fedhas.
  2292 | D:3      | Reached XP level 5. HP: 13/41 MP: 8/8
  2635 | D:3      | Reached skill level 6 in Polearms
  2874 | D:3      | Noticed Robin
  2906 | D:3      | Killed Robin
  3405 | D:2      | Became a worshipper of Fedhas Madash
  3499 | D:4      | Noticed Duvessa
  3518 | D:4      | Noticed Dowan
  3532 | D:4      | Slain by Dowan

Levels and vault maps discovered:
D:1:      nzn_arrival_settlement, layout_rooms, minmay_misc_feat_cross,
          minmay_cut_off
D:2:      layout_basic, chequers_temple_overflow_statue_of_worship,
          nicolae_overflow_hidden_temple, minivault_5, due_unseen_surprise
D:3:      layout_loops_cross, uniq_robin
D:4:      layout_gridville, first_ration, gammafunk_ghost_grave,
          kennysheep_generic_room_3, uniq_duvessa, uniq_sigmund, uniq_menkaure

Skill      XL: |  1  2  3  4  5 |
---------------+----------------+-----
Dodging        | 3 4 |  4.3
Polearms       | 4 5 6 |  6.4
Fighting       | 3 |  3.5
Armour         | |  0.6
Spellcasting   | |  2.0
Charms         | |  3.2

Action                   |  1- 3 |  4- 6 || total
-------------------------+-------+-------++-------
Melee: Spear             |    49 |       ||    49
       Short sword       |    91 |   162 ||   253
 Cast: Infusion          |     3 |     3 ||     6
Evoke: Wand              |       |     1 ||     1
  Use: Potion            |     1 |     3 ||     4
       Scroll            |       |     3 ||     3
 Stab: Sleeping          |     1 |     4 ||     5
  Eat: Chunk             |     2 |     6 ||     8
Armor: Leather armour    |    35 |    32 ||    67
       Skin              |       |     9 ||     9
Dodge: Dodged            |   106 |   156 ||   262

Table legend:
 A = Non-vault XP
 B = Vault XP
 C = Vault XP percentage of total XP
 D = Non-vault monster count
 E = Vault monster count
 F = Vault count percentage of total count
                 A         B        C        D         E       F
            +---------+---------+-------+---------+---------+-------
      Total |     239 |      42 |  14.9 |      86 |      16 |  15.7
            +---------+---------+-------+---------+---------+-------
        D:1 |      38 |       6 |  13.6 |      23 |       4 |  14.8
        D:2 |      80 |       0 |   0.0 |      32 |       0 |   0.0
        D:3 |     113 |      36 |  24.2 |      28 |      12 |  30.0
        D:4 |       8 |       0 |   0.0 |       3 |       0 |   0.0
            +---------+---------+-------+---------+---------+-------
